 Dungeon Crawl Stone Soup version 0.23.0 (webtiles) character file.

Game seed: 11621983245082651021

2157 Lavandula the Grappler (level 9, 0/120 HPs)
             Began as a Troll Fighter on Feb 10, 2019.
             Was a Believer of Ru.
             Succumbed to a killer bee's poison
             ... on level 7 of the Dungeon.
             The game lasted 00:09:27 (4511 turns).

Lavandula the Grappler (Troll Fighter)              Turns: 4511, Time: 00:09:28

Health: 0/120      AC:  6    Str: 31    XL:     9   Next: 10%
Magic:  8/8        EV:  9    Int:  7    God:    Ru [**....]
Gold:   319        SH: 11    Dex:  9    Spells: 4/8 levels left

rFire    + . .     SeeInvis .     - Unarmed
rCold    . . .     Gourm    +   b - +0 shield
rNeg     + . .     Faith    .   a - +0 robe
rPois    .         Spirit   .   (helmet restricted)
rElec    .         Reflect  .   c - scarf {repulsion}
rCorr    .         Harm     +   (gloves unavailable)
MR       .....                  (boots unavailable)
Stlth    ..........             w - amulet of harm
HPRegen  0.70/turn              t - ring of positive energy
MPRegen  0.11/turn              z - ring of protection from fire

@: berserking (expiring), lethally poisoned (0 -> -13), repel missiles, very
quick
A: large, unfitting armour, claws 3, fast metabolism 3, gourmand, regeneration
1, shaggy fur 1, tough skin 3, inability to use devices
a: Renounce Religion


You were on level 7 of the Dungeon.
You worshipped Ru.
Ru was pleased with you.
You were very full.

You visited 1 branch of the dungeon, and saw 7 of its levels.

You collected 319 gold pieces.

Inventory:

Hand Weapons
 i - a +0 giant spiked club
 p - a +0 spear of venom
Missiles
 y - a throwing net (quivered)
Armour
 a - a +0 robe (worn)
 b - a +0 shield (worn)
 c - a scarf of repulsion (worn)
 e - a +0 cloak
Jewellery
 t - a ring of positive energy (left claw)
 w - an amulet of harm (around neck)
 z - a ring of protection from fire (right claw)
Wands
 o - a wand of polymorph (19)
 r - a wand of disintegration (16)
Scrolls
 g - 7 scrolls of identify {unknown}
 j - 3 scrolls of remove curse {unknown}
 k - 2 scrolls of magic mapping {unknown}
 m - a scroll of fog {unknown}
 n - a scroll of immolation {unknown}
 q - a scroll of amnesia {unknown}
 u - a scroll of blinking {unknown}
 v - a scroll of brand weapon {unknown}
 x - a scroll of enchant weapon {unknown}
 D - a scroll of teleportation {unknown}
Potions
 f - 5 potions of heal wounds {unknown}
 h - 2 potions of degeneration {unknown}
 l - 2 potions of brilliance {unknown}
 s - a potion of curing {unknown}
 A - a potion of might
Comestibles
 d - 16 rations


   Skills:
 - Level 2.4 Fighting
 - Level 2.4 Dodging
 + Level 6.3 Shields
 - Level 10.0 Unarmed Combat


You had 4 spell levels left.
You knew the following spells:

 Your Spells              Type           Power        Failure   Level  Hunger
a - Summon Lightning Spi  Summ/Air       #.......     100%        4    #####..

Your spell library contained the following spells:

 Spells                   Type           Power        Failure   Level  Hunger
 Corona                   Hex            #......      63%         1    ##.....
 Summon Small Mammal      Summ           #...         63%         1    ##.....
 Call Imp                 Summ           #.......     77%         2    ###....
 Ensorcelled Hibernation  Hex/Ice        #.....       77%         2    ###....
 Call Canine Familiar     Summ           #.......     94%         3    ####...
 Confuse                  Hex            #.......     94%         3    ####...
 Dazzling Spray           Conj/Hex       #.....       94%         3    ####...
 Summon Guardian Golem    Hex/Summ       #.......     94%         3    ####...
 Tukima's Dance           Hex            #.......     94%         3    ####...
 Summon Ice Beast         Ice/Summ       #.......     100%        4    #####..


Dungeon Overview and Level Annotations

Branches:
Dungeon (7/15)
 Temple: D:4-7

Altars:
Cheibriados
Fedhas
Makhleb
Nemelex Xobeh
Okawaru
Ru
Trog
Uskayaw
Xom


Innate Abilities, Weirdness & Mutations

You are too large for most types of armour.
You have claws for hands.
Your metabolism is lightning-fast.
You like to eat raw meat.
Your natural rate of healing is unusually fast.
You are covered in fur. (AC +1)
You have extremely tough skin. (AC +3)
You cannot study or use magical devices.


Message History

The killer bee poisons you!
The killer bee stings you but does no damage.
You barely miss the killer bee.
The killer bee is lightly wounded.
* * * LOW HITPOINT WARNING * * *
You feel sick.
The killer bee stings you but does no damage.
The killer bee stings you!
* * * LOW HITPOINT WARNING * * *
Unknown command.
You are too berserk!
You miss the killer bee.
The killer bee is lightly wounded.
* * * LOW HITPOINT WARNING * * *
You feel sick. You block the killer bee's attack. The killer bee stings you.
* * * LOW HITPOINT WARNING * * *
Unknown command.
You scratch the killer bee.
The killer bee is moderately wounded.
You die...

..... ...#.+
#...# .....#
#...##.....#
#..........#
#...........
#.[......#
...#........#
#.............#
#..#######@+###
# ## #yyY.# ##
#yy..+ +_
.{...# #+
#....# #....#
#....# .....#


You could see an ice beast and 4 killer bees.

Vanquished Creatures
  Sigmund (D:2)
  A water moccasin (D:5)
  A sky beast (D:6)
  A necrophage (D:5)
  2 phantoms
  4 ogres
  A centaur (D:5)
  2 killer bees (D:7)
  3 crimson imps
  A bullfrog zombie (D:6)
  2 jellies
  5 orc priests
  A hound (D:6)
  2 orc wizards
  A bullfrog skeleton (D:5)
  A centaur skeleton (D:5)
  Terence (D:2)
  2 iguanas
  2 worker ants
  A hound skeleton (D:5)
  2 worker ant zombies
  Robin (D:2)
  12 adders
  12 gnolls
  A shadow imp (D:6)
  An ooze (D:4)
  An adder skeleton (D:4)
  2 adder zombies
  3 dart slugs
  3 leopard geckos
  26 orcs
  A ball python (D:3)
  A bat (D:2)
  8 giant cockroaches
  20 goblins
  8 hobgoblins
  20 jackals
  6 kobolds
  2 quokkas
  7 frilled lizards
  A leopard gecko skeleton (D:6)
  5 rats
178 creatures vanquished.

Notes
Turn   | Place    | Note
-------+----------+-------------------------------------------
     0 | D:1      | Lavandula the Troll Fighter began the quest for the Orb.
     0 | D:1      | Reached XP level 1. HP: 22/22 MP: 0/0
    81 | D:1      | Reached XP level 2. HP: 29/29 MP: 1/1
   188 | D:2      | Noticed Robin
   199 | D:1      | Reached skill level 3 in Unarmed Combat
   400 | D:2      | You fall through a shaft for 2 floors!
   418 | D:5      | Entered Level 5 of the Dungeon
   418 | D:5      | Noticed a crimson imp
   418 | D:5      | Noticed a centaur
   423 | D:5      | Killed a centaur
   423 | D:5      | Reached skill level 4 in Unarmed Combat
   423 | D:5      | Reached XP level 3. HP: 33/36 MP: 2/2
   423 | D:5      | Reached XP level 4. HP: 40/44 MP: 3/3
   424 | D:5      | Reached skill level 5 in Unarmed Combat
   424 | D:5      | Reached XP level 5. HP: 46/50 MP: 4/4
   473 | D:4      | Noticed an ogre
   478 | D:4      | Killed an ogre
   478 | D:4      | Reached skill level 6 in Unarmed Combat
   492 | D:4      | Noticed an ogre
   503 | D:4      | Killed an ogre
   503 | D:4      | Reached XP level 6. HP: 56/59 MP: 5/5
   514 | D:4      | Found a blossoming altar of Fedhas.
   524 | D:4      | Found a sparkling altar of Nemelex Xobeh.
   631 | D:4      | Reached skill level 7 in Unarmed Combat
   801 | D:3      | Reached XP level 7. HP: 63/66 MP: 6/6
   807 | D:2      | Found a shimmering altar of Xom.
   866 | D:2      | Noticed Sigmund
   901 | D:2      | Killed Sigmund
   901 | D:2      | Reached skill level 8 in Unarmed Combat
   973 | D:2      | Killed Robin
  1074 | D:2      | Noticed Terence
  1090 | D:2      | Killed Terence
  1407 | D:2      | Found a sacrificial altar of Ru.
  1622 | D:3      | Reached skill level 9 in Unarmed Combat
  1670 | D:2      | Became a worshipper of Ru the Awakened
  2618 | D:4      | Found a snail-covered altar of Cheibriados.
  2773 | D:4      | Reached XP level 8. HP: 61/74 MP: 7/7
  2911 | D:4      | Gained mutation: You cannot study or use magical devices.
                  | [Ru sacrifice]
  2911 | D:4      | Reached * piety under Ru
  2911 | D:4      | Reached ** piety under Ru
  2983 | D:4      | Found an iron altar of Okawaru.
  2983 | D:4      | Found a bloodstained altar of Trog.
  3125 | D:5      | Learned a level 4 spell: Summon Lightning Spire
  3205 | D:5      | Reached skill level 10 in Unarmed Combat
  3998 | D:6      | Found a burning altar of Makhleb.
  4036 | D:6      | Reached skill level 5 in Shields
  4083 | D:6      | Found a hide-covered altar of Uskayaw.
  4352 | D:6      | Reached XP level 9. HP: 80/80 MP: 8/8
  4484 | D:7      | Found a hide-covered altar of Uskayaw.
  4509 | D:7      | HP: 2/120 [killer bee (9)]
  4511 | D:7      | Succumbed to a killer bee's poison

Skill      XL: |  1  2  3  4  5  6  7  8  9 |
---------------+----------------------------+-----
Unarmed Combat | 4 5 6 7 9 10 | 10.0
Shields        | 5 6 |  6.3
Fighting       | |  2.4
Dodging        | |  2.4

Action                   |  1- 3 |  4- 6 |  7- 9 || total
-------------------------+-------+-------+-------++-------
Melee: Unarmed           |    48 |    58 |   374 ||   480
Invok: Sacrifice Artific |       |       |     1 ||     1
  Use: Potion            |     1 |       |     1 ||     2
 Stab: Invisible         |       |       |     1 ||     1
       Sleeping          |       |       |     1 ||     1
  Eat: Chunk             |     3 |    10 |    33 ||    46
Armor: Robe              |    10 |    18 |    93 ||   121
Dodge: Dodged            |    14 |    15 |   108 ||   137
Block: Shield            |    16 |    19 |   131 ||   166
